 Dungeon Sprint DCSS version 0.04.2-19-ga012a504bd (webtiles) character file.

Game seed: 7679478145428529973, levelgen mode: deterministic

10574 diana the Eclecticist (level 11, -1/74 HPs) Deep Elf Ice Elementalist. Began on May 23, 2021. Was the Champion of Vehumet. Slain by a slime creature (16 damage) ... while paralysed ... in the Dungeon (Sprint V: "Ziggurat Sprint"). The game lasted 00:08:08 (867 turns).

diana the Eclecticist (Deep Elf Ice Elementalist)    Turns: 867, Time: 00:08:09

Health: -1/74      AC: 18    Str:  5    XL:     11 ^: 6742
Magic:  39/39      EV:  2    Int: 44    God:    Vehumet [6* [200]]
Gold:   0          SH:  0    Dex: 12    Spells: 32/43 levels left

rFire    . . .     Vision   .   F - +6 Majin-Bo {vampiric, corrupt archmagi; MP+6 Int+6}
rCold    . . .     Gourm    .   (no weapon)
rNeg     + + +     Faith    .   H - +0 robe of Poghoico {rPois rCorr Int+4 Dex-3}
rPois    ∞         Spirit   .   (no helmet)
rElec    .         Reflect  .   (no cloak)
rCorr    +         Harm     .   (no gloves)
MR       +....     NoTele   +   (no boots)
Stlth    +.........             J - amulet of regeneration
HPRegen  0.74/turn              w - ring of intelligence
MPRegen  0.49/turn              v - ring of intelligence

@: confused, petrified, very slightly contaminated, invisible
A: deformed body
a: Renounce Religion


You were in the Dungeon.
You worshipped Vehumet.
Vehumet was exalted by your worship.
You were not hungry.

You visited 1 branch

Inventory:

Weapons
 E - the +7 great mace "Firestarter" {inner flame, rF++}
   (You found it in the Dungeon)

   Its malleable surface is completely molten, allowing it to meld around and
   partially ignore armour.
   Causes less base damage than a standard weapon; but partially ignores enemy's
   defense and burns causing additional damage to those that don't resist heat.
   It greatly protects you from fire.
Armour
 D - the +15 Maxwell's patent armour {-Cast -Tele rElec MR+ rCorr}
   (You found it in the Dungeon)

   It insulates you from electricity.
   It affects your resistance to hostile enchantments.
   It prevents spellcasting.
   It prevents most forms of teleportation.
   It provides partial protection from all sources of acid and corrosion.
 H - the +0 robe of Poghoico (worn) {rPois rCorr Int+4 Dex-3}
   (You found it in the Dungeon)

   It affects your intelligence (+4).
   It affects your dexterity (-3).
   It protects you from poison.
   It provides partial protection from all sources of acid and corrosion.
Magical Staves
 F - the +6 Majin-Bo (weapon) {vampiric, corrupt archmagi; MP+6 Int+6}
   (You found it in the Dungeon)

   [staff of ]

   Base accuracy: +5 Base damage: 5 Base attack delay: 1.2 This weapon's minimum
   attack delay (0.6) is reached at skill level 12.
   The minimum and maximum damage of damaging spells cast with this staff are
   significantly increased.
   It falls into the 'Staves' category.
   It is one handed.
   Its enchantment grants additive spellpower to the spells it enhances.
 G - a +5 shielded staff of cold
Jewellery
 l - an uncursed amulet of the acrobat
 t - an uncursed ring of dexterity
 u - an uncursed ring of dexterity
 v - a ring of intelligence (right hand)
 w - a ring of intelligence (left hand)
 x - an uncursed ring of strength
 y - an uncursed ring of strength
 J - an amulet of regeneration (around neck)
 L - a ring of the Octopus King {AC+1 EV+1 Str+1 Int+1 Dex+1 Slay+5}
   (You found it in the Dungeon)

   [ring of slaying]

   It affects your AC (+1).
   It affects your evasion (+1).
   It affects your strength (+1).
   It affects your intelligence (+1).
   It affects your dexterity (+1).
   It affects your accuracy and damage with ranged weapons and melee attacks
   (+5).
 M - a cursed ring of resist corrosion {(Curse: rC-)}
 N - the ring "Kion" {EV+5 Dex+2 Slay+2}
   (You found it in the Dungeon)

   [ring of evasion]

   It affects your evasion (+5).
   It affects your dexterity (+2).
   It affects your accuracy and damage with ranged weapons and melee attacks
   (+2).
 O - a cursed ring of positive energy {(Curse: *Drain rF-)}
Wands
 z - a wand of disintegration (7)
 A - a wand of iceblast (7)
 B - a wand of acid (7)
Scrolls
 i - 4 scrolls of blinking
 o - 4 scrolls of amnesia
 p - 7 scrolls of fog
 q - 2 scrolls of holy word
 r - 6 scrolls of bless item
 s - 2 scrolls of fear
Potions
 b - 2 potions of brilliance
 d - 11 potions of curing
 e - 13 potions of heal wounds
 f - 6 potions of haste
 g - 7 potions of magic
 h - 3 potions of berserk rage
 j - a potion of invisibility
 k - 4 potions of resistance
 m - 5 potions of agility
 n - 5 potions of might
Miscellaneous
 C - a crystal ball of energy
 I - 2 boxes of beasts
 K - a phantom mirror
Comestibles
 a - 7 chunks of flesh
 c - 6 rations


   Skills:
 + Level 11.4 Fighting
 + Level 13.3 Maces & Staves
 - Level 11.3 Dodging
 - Level 2.4 Stealth
 + Level 16.9 Spellcasting
   Level 1.1 Summonings
 + Level 14.7 Ice Magic


You had 32 spell levels left.
You knew the following spells:

 Your Spells              Type           Power        Failure   Level  Hunger
a - Freeze                Ice            25 (25)      0%          1    None
b - Hailstorm             Ice            100 (100)    0%          4    None
c - Ozocubu's Refrigerat  Ice            147 (200)    1%          6    None
d - Throw Icicle          Ice            100 (100)    0%          4    None

Your spell library contained the following spells:

 Spells                   Type           Power        Failure   Level  Hunger
 Throw Frost              Ice            50 (50)      0%          2    None
 Flame Tongue             Fire           30 (30)      1%          1    None
 Foxfire                  Fire           25 (25)      1%          1    None
 Magic Candle             Hex/Fire       72 (90)      1%          1    None
 Poisonous Vapours        Pois/Air       50 (50)      1%          1    None
 Shock                    Air            25 (25)      1%          1    None
 Summon Butterflies       Summ           81 (100)     1%          1    None
 Blink                    Tloc           N/A          1%          2    None
 Call Imp                 Summ           81 (100)     1%          2    None
 Ensorcelled Hibernation  Hex/Ice        50 (50)      1%          2    None
 Slow                     Hex            72 (100)     1%          2    None
 Sting                    Pois           25 (25)      1%          2    None
 Apportation              Tloc           50 (50)      1%          3    None
 Blinding Spray           Hex/Pois       50 (50)      1%          3    None
 Confuse                  Hex            72 (100)     1%          3    None
 Conjure Flame            Fire           72 (100)     1%          3    None
 Ignite Poison            Fire/Tmut      72 (100)     1%          3    None
 Inner Flame              Hex/Fire       72 (100)     1%          3    None
 Mephitic Cloud           Pois/Air       72 (100)     1%          3    None
 Ozocubu's Armour         Chrm/Ice       100 (100)    1%          3    None
 Static Discharge         Air            72 (100)     1%          3    None
 Tukima's Dance           Hex            72 (100)     1%          3    None
 Force Lasso              Tloc/Erth      72 (200)     1%          4    None
 Fulminant Prism          Hex            72 (200)     1%          4    None
 Olgreb's Toxic Radiance  Pois           72 (100)     1%          4    None
 Summon Ice Beast         Ice/Summ       100 (100)    1%          4    None
 Bolt of Cold             Ice            147 (200)    1%          6    None
 Irradiate                Tmut/Pois      72 (200)     5%          5    None
 Lightning Bolt           Air            72 (200)     5%          5    None
 Agony                    Necr           72 (180)     28%         6    None
 Invisibility             Chrm           72 (100)     71%         6    None
 Ignition                 Fire           72 (200)     100%        8    ###....
 Shatter                  Erth           72 (200)     100%        9    #####..
 Tornado                  Air            72 (200)     100%        9    #####..


Dungeon Overview and Level Annotations

Branches:
Dungeon (1/1)

Altars:
Ashenzari
Cheibriados
Dithmenos
Elyvilon
Fedhas Madash
Gozag Ym Sagoz
Hepliaklqana
Kikubaaqudgha
Makhleb
Nemelex Xobeh
Okawaru
Qazlal
Ru
Sif Muna
Trog
Uskayaw
Vehumet
Wu Jian
Xom
Yredelemnul
Zin
The Shining One Bahamut & Tiamat
Beogh
Jiyva
Lugonu


Innate Abilities, Weirdness & Mutations

Armour fits poorly on your strangely shaped body.


Message History

The golden eye blinks at you.
The large slime creature barely misses you (0).
The slime creature hits you but does no damage.
The ooze closely misses you (0). The slime creature hits you (13)!
The golden eye blinks at you.
The slime creature jiggles.
The slime creature hits you (2).
A large slime creature splits.
The floating eye seems to glare at you.
You are very lightly contaminated with residual magic.
Your limbs are stiffening.
Unknown command.
Unknown command.
You feel much better. The ooze hits you but does no damage.
The slime creature hits you (8)! The slime creature hits you (7)!
The slime creature hits you (8)! The ooze hits you but does no damage.
The slime creature hits you (6).
You have turned to stone.
The slime creature hits you (11)!
* * * LOW HITPOINT WARNING * * *
The slime creature hits you (16)!
You die...

▓..=|)))..▓
▓...=::}..▓
▓.........▓
▓.........▓
▓.....G...▓
▓.....GG..▓
▓.▓.JJJJ▓.▓
▓...GJ@...▓
▓▓▓▓▓▓▓▓▓▓▓


You could see 4 slime creatures, a shining eye, an eye of devastation, a
floating eye, an ooze and a golden eye.

Vanquished Creatures
  A sphinx (D)
  A deep elf elementalist (D)
  4 vault guards (D)
  A deep elf archer (D)
  6 deep elf magi (D)
  A vault sentinel (D)
  4 jumping spiders (D)
  4 hippogriffs (D)
  A wyvern (shapeshifter) (D)
  A tarantella (D)
  A phantom (D)
  2 scorpions (D)
  3 hell hounds (D)
  2 centaurs (D)
  3 quasits (D)
  2 shadow imps (D)
  A white imp (D)
  A giant cockroach zombie (D)
  An ufetubus (D)
  An adder skeleton (D)
  An adder zombie (D)
  A bat skeleton (D)
  A jackal skeleton (D)
  A leopard gecko zombie (D)
45 creatures vanquished.

Notes
Turn   | Place    | Note
-------+----------+-------------------------------------------
     0 | D        | diana the Deep Elf Ice Elementalist began the quest for the
                  | Orb.
     0 | D        | Reached XP level 1. HP: 10/10 MP: 6/6
     0 | D        | Found a shimmering blue altar of Sif Muna.
     0 | D        | Found a sacrificial altar of Ru.
     0 | D        | Found a bloodstained altar of Trog.
     0 | D        | Found a stormy altar of Qazlal.
     0 | D        | Found an iron altar of Okawaru.
     0 | D        | Found a sparkling altar of Nemelex Xobeh.
     0 | D        | Found a blossoming altar of Fedhas.
     1 | D        | Found the +6 Majin-Bo {vampiric, corrupt archmagi; MP+6
                  | Int+6}
     1 | D        | Found the +9 ballista "Sniper" {velocity, Acc+∞ +Vis}
     1 | D        | Found the +10 dark maul {crush}
     1 | D        | Found the +15 Maxwell's patent armour {-Cast -Tele rElec
                  | MR+ rCorr}
     1 | D        | Found the +18 shield of the Gong {rElec rN+ MR+ EV-5}
     1 | D        | Found the +14 obsidian axe {chop, +Fly +Vis Soulbond}
     1 | D        | Found the +7 great mace "Firestarter" {inner flame, rF++}
     1 | D        | Found the +6 shillelagh "Devastator" {shatter}
     1 | D        | Found the +11 plutonium sword {*Contam Stlth-}
     1 | D        | Found the +8 lance "Wyrmbane" {slay drac, rPois rF+ rC+
                  | AC+3}
     1 | D        | Found the +9 sword of Zonguldrok {reap}
     1 | D        | Found the +13 scythe of Curses {drain, Soulbond}
     1 | D        | Found the +0 sword of Power
     1 | D        | Found the +7 mace of Variability {chain chaos}
     1 | D        | Found the +7 Singing Sword {slice, sonic wave}
     1 | D        | Found the +8 storm bow {elec, penet}
     2 | D        | Found a transporter.
     2 | D        | Found an ancient bone altar of Kikubaaqudgha.
     2 | D        | Found a viscous altar of Jiyva.
     2 | D        | Found a corrupted altar of Lugonu.
     2 | D        | Found a hazy altar of Hepliaklqana.
     2 | D        | Found a burning altar of Makhleb.
     2 | D        | Found an opulent altar of Gozag.
    73 | D        | Became a worshipper of Vehumet
   103 | D        | Reached skill level 5 in Spellcasting
   103 | D        | Reached XP level 2. HP: 18/18 MP: 7/10
   118 | D        | Entered arena 2.
   118 | D        | Found a transporter.
   120 | D        | Reached skill level 5 in Ice Magic
   122 | D        | Reached * piety under Vehumet
   122 | D        | Offered knowledge of Foxfire by Vehumet.
   165 | D        | Entered arena 3.
   165 | D        | Noticed a tarantella
   165 | D        | Noticed a jumping spider
   165 | D        | Noticed a scorpion
   165 | D        | Found a transporter.
   167 | D        | Killed a jumping spider
   167 | D        | Reached skill level 5 in Maces & Staves
   167 | D        | Reached skill level 7 in Spellcasting
   167 | D        | Reached XP level 3. HP: 24/24 MP: 11/14
   167 | D        | Reached XP level 4. HP: 30/30 MP: 11/15
   167 | D        | Reached XP level 5. HP: 34/34 MP: 12/17
   169 | D        | Killed a tarantella
   169 | D        | Killed a scorpion
   169 | D        | Reached skill level 5 in Fighting
   169 | D        | Reached skill level 8 in Spellcasting
   169 | D        | Reached XP level 6. HP: 38/40 MP: 12/19
   169 | D        | Reached ** piety under Vehumet
   169 | D        | Offered knowledge of Shock by Vehumet.
   169 | D        | Reached skill level 9 in Spellcasting
   203 | D        | Entered arena 4.
   203 | D        | Found a transporter.
   211 | D        | Offered knowledge of Inner Flame by Vehumet.
   211 | D        | Reached XP level 7. HP: 36/45 MP: 22/22
   212 | D        | Reached *** piety under Vehumet
   257 | D        | Entered arena 5.
   257 | D        | Noticed a jumping spider
   257 | D        | Noticed a jumping spider
   257 | D        | Noticed a jumping spider
   257 | D        | Found a transporter.
   260 | D        | Killed a jumping spider
   260 | D        | Reached skill level 10 in Spellcasting
   260 | D        | Killed a jumping spider
   260 | D        | Offered knowledge of Blinding Spray by Vehumet.
   260 | D        | Reached XP level 8. HP: 33/52 MP: 24/24
   262 | D        | Killed a jumping spider
   262 | D        | Reached **** piety under Vehumet
   262 | D        | Reached skill level 10 in Dodging
   262 | D        | Reached skill level 11 in Spellcasting
   362 | D        | Entered arena 6.
   362 | D        | Found a transporter.
   363 | D        | Offered knowledge of Force Lasso by Vehumet.
   367 | D        | Reached ***** piety under Vehumet
   367 | D        | Offered knowledge of Ozocubu's Refrigeration by Vehumet.
   367 | D        | Reached skill level 10 in Ice Magic
   399 | D        | Entered arena 7.
   400 | D        | Found a transporter.
   405 | D        | Reached skill level 12 in Spellcasting
   405 | D        | Reached XP level 9. HP: 24/58 MP: 25/27
   580 | D        | Learned a level 4 spell: Hailstorm
   587 | D        | Learned a level 6 spell: Ozocubu's Refrigeration
   592 | D        | Learned a level 4 spell: Throw Icicle
   595 | D        | Entered arena 8.
   596 | D        | Offered knowledge of Agony by Vehumet.
   596 | D        | Reached ****** piety under Vehumet
   654 | D        | Found a transporter.
   663 | D        | Got the +0 robe of Poghoico {rPois rCorr Int+4 Dex-3}
   667 | D        | Got the ring "Kion" {EV+5 Dex+2 Slay+2}
   696 | D        | Entered arena 9.
   696 | D        | Noticed a vault guard
   696 | D        | Noticed a vault sentinel
   696 | D        | Noticed a sphinx
   696 | D        | Noticed a vault guard
   696 | D        | Noticed a vault guard
   696 | D        | Noticed a vault guard
   697 | D        | Found the +7 Kryia's mail coat {PotionHeal*2 rC+}
   697 | D        | Killed a vault guard
   697 | D        | Reached skill level 10 in Maces & Staves
   697 | D        | Reached skill level 13 in Spellcasting
   697 | D        | Killed a vault guard
   698 | D        | Killed a vault sentinel
   698 | D        | Reached skill level 14 in Spellcasting
   698 | D        | Reached XP level 10. HP: 53/66 MP: 30/30
   698 | D        | Killed a sphinx
   698 | D        | Offered knowledge of Irradiate by Vehumet.
   698 | D        | Killed a vault guard
   698 | D        | Reached skill level 10 in Fighting
   698 | D        | Reached skill level 15 in Spellcasting
   699 | D        | Killed a vault guard
   700 | D        | Found a transporter.
   816 | D        | Entered arena 10.
   816 | D        | Noticed a deep elf mage
   816 | D        | Noticed a deep elf mage
   816 | D        | Noticed a deep elf archer
   816 | D        | Noticed a deep elf mage
   816 | D        | Noticed a deep elf mage
   816 | D        | Noticed a deep elf mage
   816 | D        | Noticed a deep elf mage
   816 | D        | Noticed a deep elf elementalist
   817 | D        | Found the ring of the Octopus King {AC+1 EV+1 Str+1 Int+1
                  | Dex+1 Slay+5}
   817 | D        | Killed a deep elf mage
   817 | D        | Killed a deep elf mage
   817 | D        | Killed a deep elf mage
   817 | D        | Reached XP level 11. HP: 73/73 MP: 32/32
   817 | D        | Reached skill level 16 in Spellcasting
   818 | D        | Killed a deep elf archer
   818 | D        | Killed a deep elf elementalist
   818 | D        | Offered knowledge of Bolt of Cold by Vehumet.
   819 | D        | Found a transporter.
   830 | D        | Got a ring of the Octopus King {AC+1 EV+1 Str+1 Int+1 Dex+1
                  | Slay+5}
   857 | D        | Entered arena 11.
   858 | D        | Found the +10 morningstar "Eos" {elec, Halo rElec}
   860 | D        | Gained mutation: Armour fits poorly on your strangely
                  | shaped body. [a shining eye]
   867 | D        | Slain by a slime creature

Levels and vault maps discovered:
D:        sprint_v [room_start, room_1, room_2, room_3, room_4, room_5, room_6,
          room_7, room_8, room_9, room_10, room_11, room_12, room_13, room_14,
          room_15, room_16, room_17, room_18, room_19, room_20, room_21,
          room_22, room_23, room_24, room_25, room_26, room_27]

Skill      XL: |  1  2  3  4  5  6  7  8  9 10 11 |
---------------+----------------------------------+-----
Fighting       | 2 4 5 6 7 9 10 11 | 11.4
Maces & Staves | 3 5 6 7 8 9 10 12 13 | 13.3
Dodging        | 4 7 8 9 11 | 11.3
Spellcasting   | 5 7 8 9 10 12 14 15 16 | 16.9
Ice Magic      | 4 7 8 9 10 12 13 14 | 14.7
Stealth        | |  2.4
Summonings     | |  1.1

Action                   |  1- 3 |  4- 6 |  7- 9 | 10-12 || total
-------------------------+-------+-------+-------+-------++-------
Melee: Great mace        |     3 |     9 |    14 |       ||    26
       Staff             |       |       |       |     1 ||     1
       Unarmed           |       |       |       |     1 ||     1
 Cast: Ozocubu's Refrige |       |       |     3 |     4 ||     7
  Use: Potion            |     1 |       |       |     2 ||     3
  Eat: Ration            |       |       |     1 |       ||     1
       Chunk             |       |       |       |     1 ||     1
Armor: Plate armour      |     2 |    23 |    25 |       ||    50
       Robe              |       |       |       |     3 ||     3
Dodge: Dodged            |     1 |     6 |    17 |     4 ||    28
